[Event "44th Chess Olympiad Women 2022"]
[Site "Chennai"]
[Date "2022.08.08"]
[Round "10.3"]
[White "Paehtz, Elisabeth"]
[Black "Muzychuk, Mariya"]
[Result "1/2-1/2"]
[WhiteElo "2484"]
[BlackElo "2540"]
[Annotator "RC"]
[PlyCount "96"]
[EventDate "2022.??.??"]
[TimeControl "60"]

1. d4 Nf6 2. c4 e6 3. Nf3 d5 4. g3 Bb4+ 5. Bd2 Be7 6. Bg2 O-O 7. O-O c6 8. Qc2 b6 9. Ne5 Bb7 10. cxd5 cxd5 11. Rc1 Bd6 12. Nc3 Nc6 13. Nxc6 Bxc6 14. Qd3 Qd7 15. Bg5 Be7 16. a4 h6 17. Bxf6 Bxf6 18. Rc2 Be7 19. e3 a6 20. Bf1 Rfc8 21. Rac1 Bb7 22. b3 Rc6 23. Nb1 Rac8 24. Rxc6 Rxc6 25. Rxc6 Qxc6 26. Qc3 Qxc3 27. Nxc3 Bb4 28. Na2 Bd6 29. f4 f6 30. Kf2 Kf7 31. Nc3 Bb4 32. Na2 Ba3 33. Ke1 e5 34. fxe5 fxe5 35.
Kd2 Bd6 36. Nc3 e4 37. Ke2 g5 38. Kf2 Kf6 39. Na2 Kf5 40. Bh3+ g4 41. Bf1 h5 42. b4 h4 43. b5 a5 44. Nc3 Kg5 45. Ne2 Bc8 46. Nc3 Bb7 47.
Ne2 Bc8 48. Nc3 Bb7 1/2-1/2

[Event "44th Chess Olympiad Women 2022"]
[Site "Chennai"]
[Date "2022.08.08"]
[Round "10.3"]
[White "Wagner, Dinara"]
[Black "Ushenina, Anna"]
[Result "0-1"]
[WhiteElo "2341"]
[BlackElo "2423"]
[Annotator "RC"]
[PlyCount "73"]
[EventDate "2022.??.??"]
[TimeControl "60"]

1. Nf3 d5 2. e3 Nf6 3. c4 c6 4. d4 g6 5. Nc3 Bg7 6. Be2 O-O 7. O-O b6 8. cxd5 Nxd5 9. e4 Nxc3 10. bxc3 c5 11. Be3 Bb7 12. e5 cxd4 13.
cxd4 Na6 14. Qd2 Nc7 15. Bh6 Qd7 16. Rfe1 Rac8 17. Rab1 Ne6 18. Be3 Rfd8 19. Red1 Nc7 20. Rb3 Bd5 21. Rb2 Ne6 22. h4 Qc6 23. Ba6 Rc7 24. Qe2 Qc3 25. Rbd2 Qa5 26. h5 Rc3 27. Bd3 Qa3 28. Ne1 Rdc8 29. Nc2 Qa5 30. a3 Bb3 31. d5 Nc5 32. hxg6 hxg6 33. Bxc5 Qxc5 34. e6 Bxc2 35. Qf3 fxe6 36. dxe6 Rf8 37. Qg3 0-1

[Event "44th Chess Olympiad Women 2022"]
[Site "Chennai"]
[Date "2022.08.08"]
[Round "10.4"]
[White "Balajayeva, Khanim"]
[Black "Mkrtchian, Lilit"]
[Result "1-0"]
[WhiteElo "2344"]
[BlackElo "2362"]
[Annotator "RC"]
[PlyCount "135"]
[EventDate "2022.??.??"]
[TimeControl "60"]

1. e4 c6 2. d4 d5 3. exd5 cxd5 4. Bd3 Nf6 5. h3 Nc6 6. c3 e5 7. dxe5 Nxe5 8. Qe2 Qe7 9. Be3 Nxd3+ 10. Qxd3 Qe6 11. Ne2 Bd6 12. Nd2 O-O 13. Nd4 Qe7 14. O-O-O Ne4 15. Rhe1 Nc5 16. Qc2 Qf6 17. N2b3 Na4 18. Nb5 a6 19. Nxd6 Qxd6 20. Rd4 b5 21. Red1 Be6 22. Rh4 f5 23. Nd4 Rac8 24. Nxe6 Qxe6 25. Kb1 Nc5 26. Bxc5 Rxc5 27. Rhd4 f4 28. f3 Rf5 29. Qd2 Qg6 30. Ka1 Qf6 31. Re1 h6 32. a3 Kh7 33. Qd3 Qg6 34. Re2 Kg8 35. Rxf4 Rf6 36. Qxg6 Rxg6 37. Kb1 Rc7 38. Kc2 Rd6 39. Kd3 g5 40. Rf5 Rc4 41. b3 Rc7 42. Kd4 a5 43.
Re8+ Kg7 44. Rb8 a4 45. Rxb5 axb3 46. Rxb3 Rc4+ 47. Kd3 Ra4 48. g4 Kg6 49. Rb5 d4 50. Ra5 dxc3+ 51. Kxc3 Rad4 52. Ra7 Rd1 53. a4 Rc1+ 54. Kb4 Rd2 55. Ka5 Ra1 56. Rb7 Rd8 57. Rc5 Ra8+ 58. Kb6 Kf6 59. a5 Ra3 60. Rbc7 Rb8+ 61. Ka7 Rb2 62. Rf5+ Kg6 63. a6 Rba2 64. Rc6+ Kg7 65. Rb5 Rxf3 66. Rb7+ Rf7 67. Rxf7+ Kxf7 68. Kb7 1-0

[Event "44th Chess Olympiad Women 2022"]
[Site "Chennai"]
[Date "2022.08.08"]
[Round "10.4"]
[White "Danielian, Elina"]
[Black "Mammadzada, Gunay"]
[Result "0-1"]
[WhiteElo "2441"]
[BlackElo "2455"]
[Annotator "RC"]
[PlyCount "122"]
[EventDate "2022.??.??"]
[TimeControl "60"]

1. d4 d5 2. c4 c6 3. Nc3 Nf6 4. cxd5 cxd5 5. Bf4 Nc6 6. e3 Bf5 7. Qb3 Na5 8. Qa4+ Bd7 9. Qc2 e6 10. Bd3 Rc8 11. Nf3 Nc4 12. O-O Bb4 13.
Rac1 O-O 14. Ne5 h6 15. Qe2 Nd6 16. Nb1 Qe7 17. a3 Ba5 18.
h3 a6 19. Nd2 Ba4 20. b4 Bc7 21. Ng4 Nde8 22. Qf3 Nxg4 23. hxg4 Ra8 24. Bxc7 Nxc7 25. Rfe1 Bc6 26. Nb3 Nb5 27. a4 Qxb4 28. axb5 Qxb3 29. bxc6 Qxd3 30. cxb7 Ra7 31. Red1 Qa3 32. Rb1 Rb8 33. g5 Raxb7 34. Rxb7 Rxb7 35. gxh6 gxh6 36. g3 Qa2 37. Qg4+ Kh7 38. Kg2 Qc2 39. Qh5 Qe4+ 40. Kh2 Kg7 41. Qe2 a5 42. Qa2 Qf3 43. Rf1 Ra7 44. Kg1 h5 45. Re1 Qe4 46. Qe2 Qg4 47. Qd3 Qe4 48. Qd1 Kh6 49. f3 Qg6 50. Kg2 a4 51. Re2 h4 52. g4 f5 53. Qe1 Qg5 54. Kh3 a3 55.
Ra2 Kg6 56. Qc3 Rf7 57. gxf5+ Rxf5 58. Rg2 Rxf3+ 59. Kh2 Rg3 60. Qc2+ Kh6 61. Rf2 Rh3+ 0-1

[Event "44th Chess Olympiad Women 2022"]
[Site "Chennai"]
[Date "2022.08.08"]
[Round "10.4"]
[White "Mammadova, Gulnar"]
[Black "Gaboyan, Susanna"]
[Result "1-0"]
[WhiteElo "2380"]
[BlackElo "2270"]
[Annotator "RC"]
[PlyCount "63"]
[EventDate "2022.??.??"]
[TimeControl "60"]

1. e4 c5 2. Nf3 Nc6 3. Bb5 g6 4. Bxc6 bxc6 5. d4 Bg7 6.
dxc5 Qa5+ 7. Nbd2 Ba6 8. Rb1 Qxc5 9. b4 Qd6 10. c4 Nf6 11.
O-O Qc7 12. Re1 d6 13. Qc2 O-O 14. Nb3 Bc8 15. Nfd2 Nh5 16. Bb2 e5 17. c5 d5 18. Na5 d4 19. Ndc4 f5 20. Nd6 fxe4 21. Qxe4 Bd7 22. g3 Nf6 23. Qxe5 Ng4 24. Qe2 Ne5 25. f4 Bg4 26. Qa6 Nf3+ 27. Kg2 Nxe1+ 28. Rxe1 g5 29. Nxc6 Bd7 30. Ne7+ Kh8 31. Qc4 gxf4 32. Qg8+ 1-0

[Event "44th Chess Olympiad Women 2022"]
[Site "Chennai"]
[Date "2022.08.08"]
[Round "10.4"]
[White "Sargsyan, Anna M."]
[Black "Beydullayeva, Govhar"]
[Result "0-1"]
[WhiteElo "2378"]
[BlackElo "2390"]
[Annotator "RC"]
[PlyCount "78"]
[EventDate "2022.??.??"]
[TimeControl "60"]

1. e4 c5 2. Nf3 d6 3. d4 cxd4 4. Nxd4 Nf6 5. Nc3 a6 6. h3 e6 7. g4 h6 8. Bg2 Be7 9. Be3 Qc7 10. Qe2 Nc6 11. O-O-O Nxd4 12. Bxd4 e5 13. Be3 b5 14. f4 Be6 15. Nd5 Bxd5 16. exd5 Rc8 17. Kb1 Nd7 18. h4 Qc4 19. Qf2 Nf6 20. Bf3 exf4 21. Bb6 Nd7 22. Rd4 Qxc2+ 23. Qxc2 Rxc2 24. Kxc2 Nxb6 25. Re1 Nc4 26. a4 Ne5 27. Rxf4 Bxh4 28. Ra1 Bg5 29. Re4 O-O 30. Be2 Rc8+ 31. Kb3 Nd7 32. Ka2 Nc5 33. Rd4 Nxa4 34. Kb3 Nc5+ 35. Ka3 Re8 36. Bd1 a5 37. Bc2 Re2 38. Bd1 Re1 39. Ka2 Be3 0-1

[Event "44th Chess Olympiad Women 2022"]
[Site "Chennai"]
[Date "2022.08.08"]
[Round "10.5"]
[White "Aulia, Medina Warda"]
[Black "Krush, Irina"]
[Result "0-1"]
[WhiteElo "2374"]
[BlackElo "2430"]
[Annotator "RC"]
[PlyCount "64"]
[EventDate "2022.??.??"]
[TimeControl "60"]

1. e4 c5 2. Nf3 d6 3. g3 g6 4. Bg2 Bg7 5. c3 Nf6 6. Qe2 Nc6 7. d3 O-O 8. O-O e5 9. Nbd2 Re8 10. h3 d5 11. Rd1 b6 12. Nf1 Ba6 13. Qc2 h6 14. exd5 Nxd5 15.
Ne3 Nde7 16. Ng4 h5 17. Nh6+ Bxh6 18. Bxh6 Nf5 19. Bg5 f6 20. Bc1 Qd7 21. g4 hxg4 22. hxg4 Nfe7 23. g5 f5 24. d4 cxd4 25. Qa4 Be2 26. Re1 d3 27. Be3 Rad8 28. Qh4 f4 29. Bd2 Nf5 30. Qh2 Re7 31. Nxe5 Nxe5 32. Qxf4 Qd6 0-1

[Event "44th Chess Olympiad Women 2022"]
[Site "Chennai"]
[Date "2022.08.08"]
[Round "10.5"]
[White "Citra, Dewi Ardhiani Anast"]
[Black "Abrahamyan, Tatev"]
[Result "1/2-1/2"]
[WhiteElo "2257"]
[BlackElo "2291"]
[Annotator "NA RC"]
[PlyCount "48"]
[EventDate "2022.??.??"]
[TimeControl "60"]

1. d4 e6 2. Bf4 c5 3. e3 Qb6 4. Nc3 Nf6 5. Nf3 a6 6. a3 d5 7. dxc5 Bxc5 8. Bd3 Bd7 9. Rb1 O-O 10. O-O Be7 11. Ne5 Nc6 12. Qf3 Nxe5 13. Bxe5 Bc6 14. Qh3 g6 15. Qh6 Rfe8 16. Bd4 Qd8 17. f4 Bf8 18. Qh3 Bg7 19. Ne2 Rc8 20. Rf2 Qd7 21. Qh4 Qe7 22. Qh3 Qd7 23. Qh4 Qe7 24. Qh3 Qd7 1/2-1/2

[Event "44th Chess Olympiad Women 2022"]
[Site "Chennai"]
[Date "2022.08.08"]
[Round "10.5"]
[White "Tokhirjonova, Gulrukhbegim"]
[Black "Sukandar, Irine Kharisma"]
[Result "1/2-1/2"]
[WhiteElo "2329"]
[BlackElo "2373"]
[Annotator "RC"]
[PlyCount "111"]
[EventDate "2022.??.??"]
[TimeControl "60"]

1. d4 Nf6 2. c4 e6 3. Nc3 Bb4 4. a3 Bxc3+ 5. bxc3 c5 6. f3 Nc6 7. e4 d6 8. Ne2 O-O 9. Ng3 b6 10. Be2 Ba6 11. O-O Na5 12. Bg5 h6 13.
Bh4 g5 14. Bxg5 hxg5 15. f4 Nh7 16. Ra2 cxd4 17. cxd4 Rc8 18. Bd3 Bxc4 19. Raf2 Bxd3 20. Qxd3 Rc4 21. fxg5 Qxg5 22. Ne2 Kh8 23. Rxf7 Rxf7 24. Rxf7 Rc8 25. Rxa7 Nc4 26. e5 Qe3+ 27. Qxe3 Nxe3 28. exd6 Rd8 29. Nf4 Nf8 30. d7 Nd5 31. Nxd5 exd5 32. Rc7 Rxd7 33. Rc6 b5 34. Rb6 Kg7 35. Kf2 Kf7 36. Rxb5 Ne6 37. Ke3 Nd8 38. a4 Re7+ 39. Kd3 Ke6 40. a5 Nc6 41. a6 Rh7 42. Rb6 Kd6 43.
Ke3 Rxh2 44. g4 Rh3+ 45. Kf2 Rh7 46. Kg3 Ra7 47. Kf4 Kc7 48.
Rb5 Kd6 49. Rb6 Kc7 50. Rb5 Ne7 51. Rb7+ Rxb7 52. axb7 Kxb7 53. Ke5 Kc6 54. g5 Kd7 55. g6 Nxg6+ 56. Kxd5 1/2-1/2

[Event "44th Chess Olympiad Women 2022"]
[Site "Chennai"]
[Date "2022.08.08"]
[Round "10.5"]
[White "Yip, Carissa"]
[Black "Mariroh, Fariha"]
[Result "1-0"]
[WhiteElo "2416"]
[BlackElo "1839"]
[Annotator "RC"]
[PlyCount "65"]
[EventDate "2022.??.??"]
[TimeControl "60"]

1. e4 c5 2. Nf3 Nc6 3. d4 cxd4 4. Nxd4 g6 5. Be3 Bg7 6. c4 Nf6 7. Nc3 O-O 8. Be2 d6 9. O-O Bd7 10. Nc2 Qc8 11. f3 Ne5 12. b3 Bc6 13.
Rc1 Rd8 14. Nd5 Re8 15. Qd2 e6 16. Nxf6+ Bxf6 17. Qxd6 Rd8 18. Qa3 Qc7 19. Rcd1 b6 20. Nd4 Be8 21. f4 Be7 22. Qc1 Nc6 23. Nb5 Qb7 24. e5 a6 25. Nd6 Bxd6 26. exd6 Nb8 27. Qc3 Bc6 28. f5 e5 29. fxg6 hxg6 30. Bh6 Nd7 31. Qg3 Re8 32. Qg5 Nf8 33. Qf6 1-0

[Event "44th Chess Olympiad Women 2022"]
[Site "Chennai"]
[Date "2022.08.08"]
[Round "10.6"]
[White "Divya Deshmukh"]
[Black "Lanchava, Tea"]
[Result "1-0"]
[WhiteElo "2319"]
[BlackElo "2257"]
[Annotator "RC"]
[PlyCount "107"]
[EventDate "2022.??.??"]
[TimeControl "60"]

1. e4 g6 2. d4 Bg7 3. Nf3 d6 4. h3 Nd7 5. Bd3 e5 6. c3 Nh6 7. Be3 f6 8. dxe5 dxe5 9. Qb3 Qe7 10. Na3 a6 11. Nc2 Nf7 12. Nb4 c6 13. a4 O-O 14. a5 Kh8 15.
O-O Nc5 16. Qa2 f5 17. Nxc6 Qd6 18. Bxc5 Qxc5 19. Nb4 fxe4 20. Bxe4 Nd6 21. Qd5 Nxe4 22. Qxe4 Qb5 23. Rfe1 Bf5 24. Qe2 Qxe2 25. Rxe2 Bxh3 26. Nxe5 Bf5 27. Nc4 Rfd8 28. Nb6 Rab8 29. N4d5 Bf8 30. Rae1 Bd6 31. Nf6 Bc5 32. Re5 Bd6 33. R5e2 Bc5 34. b4 Bxb6 35. Re7 g5 36. axb6 Rd6 37. Ne8 Rg6 38. Rf7 Bc2 39. Ree7 Bb3 40. Rf6 Rg8 41. Nd6 Rg7 42. Rc7 g4 43. c4 g3 44. fxg3 Rxg3 45. Nf5 Rg5 46. Rff7 Rh5 47. Nd4 Ba2 48. Rxb7 Rg8 49. Rbc7 Bb1 50. b7 Rhg5 51. Rc8 Rxg2+ 52. Kf1 Bd3+ 53. Ke1 Bxc4 54. b8=Q 1-0

[Event "44th Chess Olympiad Women 2022"]
[Site "Chennai"]
[Date "2022.08.08"]
[Round "10.6"]
[White "Padmini, Rout"]
[Black "Van Foreest, Machteld"]
[Result "1-0"]
[WhiteElo "2374"]
[BlackElo "2299"]
[Annotator "RC"]
[PlyCount "75"]
[EventDate "2022.??.??"]
[TimeControl "60"]

1. Nf3 d5 2. g3 Nf6 3. Bg2 c5 4. O-O Nc6 5. d4 e6 6. c4 dxc4 7. dxc5 Qd5 8. Qd2 Qxd2 9. Re1 Qd1 10. Rxd1 Bxc5 11. Nbd2 O-O 12. Nxc4 Ng4 13. e3 Rb8 14. Bd2 b6 15. a3 Ba6 16. Rdc1 Rbc8 17. h3 Bxc4 18. Rxc4 Nge5 19. Rc2 Nxf3+ 20. Bxf3 Ne5 21. Be2 Bd6 22. Rac1 Rcd8 23. Kg2 Nd7 24. b4 e5 25. e4 h6 26. a4 Nf6 27. f3 Nd7 28. Be1 Nf6 29. a5 bxa5 30. bxa5 Rd7 31. a6 Ne8 32. Bf2 Nc7 33. Rd1 Ne6 34. Rcd2 Nd4 35. Bxd4 Bb4 36. Bc3 Rxd2 37. Bxd2 Bxd2 38. Rxd2 1-0

[Event "44th Chess Olympiad Women 2022"]
[Site "Chennai"]
[Date "2022.08.08"]
[Round "10.6"]
[White "Peng, Zhaoqin"]
[Black "Vantika Agrawal"]
[Result "1-0"]
[WhiteElo "2349"]
[BlackElo "2371"]
[Annotator "RC"]
[PlyCount "117"]
[EventDate "2022.??.??"]
[TimeControl "60"]

1. d4 Nf6 2. c4 g6 3. Nc3 Bg7 4. e4 d6 5. Be2 O-O 6. Be3 Nc6 7. d5 Ne5 8. h3 e6 9. Nf3 Nxf3+ 10. Bxf3 Nd7 11. Rc1 f5 12. dxe6 Ne5 13. Be2 Bxe6 14. exf5 gxf5 15. Nd5 Ng6 16. Qd2 f4 17. Nxf4 Nxf4 18. Bxf4 Qf6 19. Be3 Qxb2 20. Qxb2 Bxb2 21. Rc2 Bg7 22. Bg4 Bf7 23. O-O c6 24. f4 d5 25. cxd5 Bxd5 26. Bf3 Rfd8 27. f5 Bxf3 28. Rxf3 Bd4 29. g4 Kf7 30. Kf2 Rd7 31. Bxd4 Rxd4 32. Rb3 Rd7 33. Re2 Re8 34. Rxe8 Kxe8 35. Ke3 c5 36. g5 c4 37. Rb4 Rc7 38. Kd2 b6 39. a4 c3+ 40. Kc2 Rc5 41. Rf4 Kf7 42. h4 a6 43. f6 b5 44. a5 Kf8 45. Rd4 Rc7 46. Rd8+ Kf7 47. Rh8 Ke6 48. Ra8 Kf5 49. Rxa6 b4 50. Rb6 Ra7 51. Rxb4 h6 52. Rb5+ Kg6 53. Kxc3 hxg5 54. hxg5 Rc7+ 55. Kb4 Rc1 56. a6 Rb1+ 57. Ka5 Ra1+ 58. Kb6 Rd1 59. a7 1-0

[Event "44th Chess Olympiad Women 2022"]
[Site "Chennai"]
[Date "2022.08.08"]
[Round "10.6"]
[White "Ratsma, Rosa"]
[Black "Gomes, Mary Ann"]
[Result "0-1"]
[WhiteElo "2226"]
[BlackElo "2324"]
[Annotator "RC"]
[PlyCount "86"]
[EventDate "2022.??.??"]
[TimeControl "60"]

1. e4 c5 2. Nf3 e6 3. d4 cxd4 4. Nxd4 a6 5. Bd3 Qc7 6. O-O Nf6 7. Qe2 d6 8. f4 Nbd7 9. c4 Be7 10. Nc3 O-O 11. Kh1 b6 12. b4 Bb7 13.
Bb2 Rfe8 14. Rac1 Rac8 15. a3 Qb8 16. g4 Nf8 17. g5 N6d7 18.
h4 f6 19. Qf2 Qa8 20. Kg1 Bd8 21. Rce1 b5 22. cxb5 e5 23. fxe5 dxe5 24. Nf5 Bb6 25. Ne3 axb5 26. Kh2 Bc6 27. gxf6 Nxf6 28. Qg2 Kh8 29. Nf5 Ng6 30. Nd6 Rc7 31. Nxe8 Qxe8 32. Nd5 Bxd5 33. exd5 Qd7 34. Bxg6 hxg6 35. d6 Rc4 36. Rf3 Rxh4+ 37. Rh3 Ng4+ 38. Kg3 Bf2+ 39. Kf3 Qf5+ 40. Ke2 Bxe1 41. Rxh4+ Bxh4 42. Qh3 Qc2+ 43.
Kf3 Nh2+ 0-1

[Event "44th Chess Olympiad Women 2022"]
[Site "Chennai"]
[Date "2022.08.08"]
[Round "10.7"]
[White "Arribas Robaina, Maritza"]
[Black "Hagarova, Zuzana"]
[Result "1-0"]
[WhiteElo "2239"]
[BlackElo "2293"]
[Annotator "RC"]
[PlyCount "111"]
[EventDate "2022.??.??"]
[TimeControl "60"]

1. e4 c5 2. Nc3 Nc6 3. g3 g6 4. Bg2 Bg7 5. Nge2 d6 6. d3 e6 7. Be3 Nd4 8. O-O Ne7 9. Qd2 O-O 10. Rae1 Rb8 11. Nd1 Nxe2+ 12. Rxe2 Nc6 13. c3 Qa5 14. a3 b5 15. f4 Ne7 16. f5 exf5 17. Bg5 f6 18.
Bf4 Qd8 19. d4 c4 20. Nf2 g5 21. Be3 d5 22. e5 Ng6 23. Nd1 Rb7 24. Bf2 f4 25. e6 Re7 26. Rfe1 Qd6 27. gxf4 Nxf4 28. Bg3 Rxe6 29. Rxe6 Bxe6 30. Bxf4 gxf4 31. Qe2 Bf7 32. Qf3 Rd8 33. Nf2 Bh6 34. h4 Bg7 35. Qg4 Qd7 36. Qxf4 Re8 37. Rf1 Re2 38. Ng4 Re6 39. Ne3 Rxe3 40. Qxe3 Qg4 41. Qf4 Qe2 42. Qb8+ Bf8 43. Qg3+ Bg7 44. Rxf6 Qxb2 45. Rd6 h6 46. Bxd5 Qc1+ 47. Kh2 Bxd5 48. Rxd5 Qd2+ 49. Kh3 Qc1 50. Qf3 Qxa3 51. Rxb5 Qe7 52. Rb8+ Bf8 53. Rb7 Qe8 54. Rxa7 Be7 55. Qd5+ Kg7 56. Qe6 1-0

[Event "44th Chess Olympiad Women 2022"]
[Site "Chennai"]
[Date "2022.08.08"]
[Round "10.7"]
[White "Ordaz Valdes, Lisandra Teresa"]
[Black "Borosova, Zuzana"]
[Result "1/2-1/2"]
[WhiteElo "2367"]
[BlackElo "2277"]
[Annotator "RC"]
[PlyCount "134"]
[EventDate "2022.??.??"]
[TimeControl "60"]

1. d4 d5 2. c4 c6 3. cxd5 cxd5 4. Bg5 h6 5. Bh4 Qb6 6. Nc3 e6 7. Qd2 Be7 8. Bxe7 Nxe7 9. e3 Nd7 10. Nf3 Nf6 11. Bd3 Nf5 12. Rc1 Bd7 13.
Ne5 Nd6 14. O-O O-O 15. Rc2 Rfc8 16. Rfc1 Be8 17. b3 Qd8 18. f3 a6 19. Ne2 Rxc2 20. Rxc2 Rc8 21. Rxc8 Qxc8 22. Qb4 Qc7 23. Qc5 Qd8 24. a4 b6 25. Qc3 a5 26. Qc2 Qc8 27. Qxc8 Nxc8 28. Nc3 Kf8 29. e4 Ke7 30. Kf2 Na7 31. Ke3 Nc6 32. Nxc6+ Bxc6 33. e5 Ne8 34. Bb5 Kd7 35. Bxc6+ Kxc6 36. Nb5 Kd7 37. f4 h5 38. g3 g6 39. h3 Ke7 40. g4 hxg4 41. hxg4 Kd7 42. Kf3 f6 43. Kg3 fxe5 44. dxe5 Nc7 45. Nd4 Ke7 46. Kh4 Kf7 47. Kg5 Na6 48. f5 gxf5 49. gxf5 Nc5 50. f6 Nd3 51. Nc6 Nc5 52. Nd8+ Kf8 53. Kf4 d4 54. Kf3 Ke8 55. f7+ Kf8 56. Ke2 d3+ 57. Ke3 Ke7 58. Kd2 Kf8 59. Kc3 Ke7 60. Kd2 Nxb3+ 61. Kxd3 Nc5+ 62. Kc4 Nxa4 63. Kb5 Nc5 64. Kxb6 Nd7+ 65. Kc7 Nxe5 66. f8=Q+ Kxf8 67. Nxe6+ Ke7 1/2-1/2

[Event "44th Chess Olympiad Women 2022"]
[Site "Chennai"]
[Date "2022.08.08"]
[Round "10.7"]
[White "Repkova, Eva"]
[Black "Miranda Llanes, Yerisbel"]
[Result "1-0"]
[WhiteElo "2303"]
[BlackElo "2347"]
[Annotator "RC"]
[PlyCount "113"]
[EventDate "2022.??.??"]
[TimeControl "60"]

1. e4 e5 2. Nf3 Nc6 3. Bc4 Bc5 4. d3 Nf6 5. Bg5 d6 6. c3 h6 7. Bh4 Bg4 8. Nbd2 Qe7 9. b4 Bb6 10. a4 a5 11. b5 Nd8 12. h3 Bd7 13. O-O g5 14. Bg3 g4 15. hxg4 Bxg4 16. d4 Nh5 17. Bh2 Ne6 18. Bd5 O-O-O 19. dxe5 Ng5 20. exd6 cxd6 21. Qe2 Rhg8 22. Qc4+ Kb8 23. e5 Bh3 24. exd6 Qf6 25. Nd4 Bxg2 26. Bxg2 Nh3+ 27. Kh1 Rxg2 28. Kxg2 Qg5+ 29. Bg3 N3f4+ 30. Kf3 f5 31. Bxf4 Qg4+ 32. Ke3 Nxf4 33. N2f3 Rc8 34. Qb3 Bxd4+ 35. Nxd4 Rxc3+ 36. Qxc3 Nd5+ 37. Kd2 Qf4+ 38.
Qe3 Nxe3 39. fxe3 Qxd6 40. Rxf5 Qb4+ 41. Kd3 Qb2 42. Rff1 h5 43. Rac1 Ka7 44. Rb1 Qa3+ 45. Rb3 Qd6 46. b6+ Ka6 47. Rg1 Qd7 48. Kc3 Qe8 49. Kd2 Qf7 50. Rc1 Qg8 51. Rb5 Qg2+ 52. Kc3 Qg7 53. Kc2 Qg2+ 54. Kb1 Qg6+ 55. Ka2 Qg4 56. Ka3 Qh3 57. Nb3 1-0

[Event "44th Chess Olympiad Women 2022"]
[Site "Chennai"]
[Date "2022.08.08"]
[Round "10.7"]
[White "Sucikova, Svetlana"]
[Black "Forgas Moreno, Yaniela"]
[Result "1-0"]
[WhiteElo "2188"]
[BlackElo "2343"]
[Annotator "RC"]
[PlyCount "91"]
[EventDate "2022.??.??"]
[TimeControl "60"]

1. d4 f5 2. g3 Nf6 3. Bg2 g6 4. Nf3 Bg7 5. O-O O-O 6. c4 d6 7. b3 c6 8. Bb2 Na6 9. Nc3 Qc7 10. Qc2 e5 11. e4 Nb4 12. Qe2 fxe4 13. Nxe4 Nxe4 14. Qxe4 Bf5 15. Qh4 h6 16. Bc3 Nc2 17. Rad1 e4 18. Ne1 e3 19. Bf3 Nxe1 20. Rdxe1 Bd3 21. Be2 exf2+ 22. Rxf2 Rxf2 23. Kxf2 Rf8+ 24. Bf3 Qf7 25. Qf4 Qxf4 26. gxf4 Rxf4 27. Ke3 g5 28. Bxc6 bxc6 29. Kxd3 Kf7 30. b4 Rf2 31. Re2 Rxe2 32. Kxe2 d5 33. Kd3 Ke6 34. a4 Bf6 35. b5 Bd8 36. c5 cxb5 37. axb5 Bc7 38. h3 h5 39. Ke3 g4 40. hxg4 hxg4 41. Be1 Kf5 42. Bh4 Bf4+ 43. Kf2 Ke4 44. Bg3 Be3+ 45. Kg2 Bxd4 46. b6 1-0

[Event "44th Chess Olympiad Women 2022"]
[Site "Chennai"]
[Date "2022.08.08"]
[Round "10.8"]
[White "Antova, Gabriela"]
[Black "Munkhzul, Davaakhuu"]
[Result "1-0"]
[WhiteElo "2275"]
[BlackElo "2095"]
[Annotator "RC"]
[PlyCount "139"]
[EventDate "2022.??.??"]
[TimeControl "60"]

1. Nf3 Nf6 2. b3 e6 3. Bb2 Be7 4. c4 d5 5. g3 dxc4 6. bxc4 b6 7. Bg2 Bb7 8. O-O O-O 9. e3 Nc6 10. Qe2 Nb4 11. Ne1 Bxg2 12. Kxg2 c5 13.
a3 Nc6 14. f4 Qd7 15. d3 a6 16. Nd2 b5 17. g4 Rfb8 18. g5 Ne8 19. Rf3 e5 20.
fxe5 bxc4 21. Nxc4 Bxg5 22. Kh1 Rb3 23. Rd1 Rab8 24. Rd2 Qd5 25.
Ng2 Nd4 26. Bxd4 cxd4 27. e4 Qd7 28. Rd1 Be7 29. Rdf1 f6 30.
Nf4 Rb1 31. Nd5 Bd8 32. Qg2 Rxf1+ 33. Rxf1 Qe6 34. Qf2 Rb3 35. Nf4 Qe7 36. Qxd4 Rb5 37. exf6 Nxf6 38. Ne3 Bb6 39. Qc4+ Qf7 40. Nfd5 Bxe3 41. Nxe3 Qxc4 42. Nxc4 Rb3 43. Rd1 Rc3 44. Nd6 Ng4 45. Kg1 Rc2 46. Rb1 h5 47. h4 Ne5 48. Rb8+ Kh7 49. Nf5 Nf3+ 50. Kf1 Nh2+ 51. Ke1 Nf3+ 52. Kd1 Rd2+ 53. Kc1 Rxd3 54. Rb7 Nd4 55. Rxg7+ Kh8 56. Rg5 Nxf5 57. Rxh5+ Kg7 58. Rg5+ Kh6 59. Rxf5 Rxa3 60. Kd2 Kg7 61. h5 Kh6 62. e5 Ra5 63. Kd3 Rd5+ 64. Ke4 Rd1 65. e6 Kg7 66. Ke5 a5 67. e7 Re1+ 68. Kd6 a4 69. Rf8 Rd1+ 70.
Kc5 1-0

[Event "44th Chess Olympiad Women 2022"]
[Site "Chennai"]
[Date "2022.08.08"]
[Round "10.8"]
[White "Enkhtuul, Altan-Ulzii"]
[Black "Salimova, Nurgyul"]
[Result "1/2-1/2"]
[WhiteElo "2267"]
[BlackElo "2416"]
[Annotator "RC"]
[PlyCount "118"]
[EventDate "2022.??.??"]
[TimeControl "60"]

1. d4 Nf6 2. Nf3 e6 3. g3 b5 4. Bg2 Bb7 5. O-O Be7 6. Bg5 a6 7. c3 d6 8. Bxf6 Bxf6 9. a4 Nd7 10. Na3 Bc6 11. axb5 axb5 12. Qd3 Rb8 13. e4 O-O 14. b4 Bb7 15. Rfe1 Ba6 16. Nc2 Rb6 17. Rad1 Bb7 18. h4 Re8 19. Nd2 e5 20. Nb3 Nf8 21. Na5 Bc8 22. Ne3 Bd7 23.
Nd5 Rb8 24. Qf3 Be7 25. Ne3 exd4 26. cxd4 g6 27. Rc1 h5 28. Nd5 Ne6 29. Red1 c5 30. dxc5 dxc5 31. Qd3 cxb4 32. Nxe7+ Rxe7 33. Qd6 Re8 34. Qxb4 Qe7 35. Rd6 Rbc8 36. Rcd1 Nf8 37. Qd4 Bg4 38. f3 Be6 39. Nc6 Qc7 40. e5 Ra8 41. Ra1 Rxa1+ 42. Qxa1 Bd5 43. Rxd5 Qxc6 44. f4 b4 45. Qb2 Rb8 46. Rd3 Qb6+ 47. Kh2 Ne6 48.
Rd6 Qc5 49. Rc6 Qe3 50. Rxe6 fxe6 51. Qc2 Rb6 52. Qc8+ Kg7 53. Qd7+ Kg8 54. Qe8+ Kg7 55. Qe7+ Kg8 56. Qe8+ Kg7 57. Qe7+ Kg8 58. Qd8+ Kh7 59. Qe7+ Kg8 1/2-1/2

[Event "44th Chess Olympiad Women 2022"]
[Site "Chennai"]
[Date "2022.08.08"]
[Round "10.8"]
[White "Mungunzul, Bat-Erdene"]
[Black "Krasteva, Beloslava"]
[Result "1-0"]
[WhiteElo "2163"]
[BlackElo "2249"]
[Annotator "RC"]
[PlyCount "133"]
[EventDate "2022.??.??"]
[TimeControl "60"]

1. d4 Nf6 2. c4 e6 3. Nc3 Bb4 4. Qc2 d6 5. Nf3 Nbd7 6. Bd2 b6 7. e4 Bb7 8. Bd3 e5 9. Nd5 Bxd2+ 10. Qxd2 O-O 11. O-O c6 12. Ne3 Re8 13. Nf5 Nf8 14. Rfe1 Bc8 15. Ne3 Qc7 16. Qc2 Ng6 17. b4 Nf4 18. dxe5 dxe5 19. c5 bxc5 20. bxc5 Nd7 21. Rec1 Bb7 22. Bc4 Nxc5 23. Ng5 Nce6 24. Bxe6 Nxe6 25. Nxe6 Rxe6 26. Qc5 Qe7 27. Qa5 Qd8 28. Qa3 g6 29. Rab1 Bc8 30. h3 a5 31. Rd1 Qc7 32. Qc5 Ba6 33. Rb6 Qa7 34. Rxc6 Qxc5 35. Rxc5 Bb7 36. f3 a4 37. Rd7 Bc6 38. Rc7 Ra6 39. a3 f6 40.
Ng4 h5 41. Ne3 Kf8 42. h4 Be8 43. Nd5 Rac6 44. Kf2 Rxc7 45. Rxc7 Bc6 46. Nb4 Be8 47. Ke3 Rd6 48. Rc1 Kf7 49. g3 Kf8 50. f4 exf4+ 51. gxf4 Bf7 52. Nc6 Be8 53. Nd4 Rb6 54. e5 Bd7 55. Ke4 Ke7 56. Rc7 Kd8 57.
Rc3 fxe5 58. fxe5 Rb1 59. e6 Be8 60. Ke5 Ke7 61. Rc7+ Kf8 62.
Nf3 Rb5+ 63. Kd4 Rb3 64. Ng5 Rxa3 65. Nh7+ Kg8 66. Nf6+ Kf8 67. Rh7 1-0

[Event "44th Chess Olympiad Women 2022"]
[Site "Chennai"]
[Date "2022.08.08"]
[Round "10.8"]
[White "Peycheva, Gergana"]
[Black "Munkhzul, Turmunkh"]
[Result "1/2-1/2"]
[WhiteElo "2295"]
[BlackElo "2277"]
[Annotator "NA RC"]
[PlyCount "93"]
[EventDate "2022.??.??"]
[TimeControl "60"]

1. d4 Nf6 2. c4 e6 3. Nc3 Bb4 4. Qc2 O-O 5. e4 d5 6. e5 Ne4 7. Bd3 c5 8. Nf3 cxd4 9. Nxd4 Nd7 10. Bf4 Ndc5 11. O-O Bxc3 12. bxc3 Bd7 13. cxd5 Ba4 14. Nb3 Nxd3 15. Qxd3 Qxd5 16. Qe3 b6 17. Rfd1 Qc6 18. Rd4 Bxb3 19. Rxe4 Bc2 20. Rd4 Rac8 21. c4 Rfd8 22. Rxd8+ Rxd8 23. Qc3 Qa4 24. a3 Rd3 25. Qb4 Qd7 26. Re1 h6 27. h3 Ba4 28. Rb1 Bc6 29. Be3 Qd8 30.
c5 Rd1+ 31. Rxd1 Qxd1+ 32. Kh2 Qd5 33. Qg4 h5 34. Qg3 h4 35.
Qg4 bxc5 36. Bf4 c4 37. f3 c3 38. Qxh4 c2 39. Qe1 Qc4 40.
Bc1 Bd5 41. Qe3 Qc7 42. Kh1 Qc4 43. Kh2 Qc7 44. Kh1 Qc4 45.
Kh2 Qc7 46. Kh1 Qc4 47. Kh2 1/2-1/2